 Dungeon Crawl Stone Soup version 0.29-a0-1019-g84f7d21838 (webtiles) character file.

Game seed: 9816118556449927309

208 Manisian the Insei (level 5, -6/33 HPs)
             Began as an Octopode Transmuter on Aug 10, 2022.
             Was a Follower of Wu Jian.
             Killed by nerve-wracking pain
             ... invoked by Grinder
              (10 damage)
             ... on level 3 of the Dungeon.
             The game lasted 00:08:48 (2250 turns).

Manisian the Insei (Octopode Transmuter)            Turns: 2250, Time: 00:08:49

Health: -6/33      AC:  2    Str:  9    XL:     5   Next: 86%
Magic:  4/9        EV: 23    Int: 18    God:    Wu Jian [*.....]
Gold:   170        SH:  0    Dex: 17    Spells: 0/10 levels left

rFire   . . .      SeeInvis .     - Unarmed
rCold   . . .      Faith    .   (shield currently unavailable)
rNeg    . . .      Spirit   .   (helmet currently unavailable)
rPois   x          Reflect  .   (no amulet)
rElec   .          Harm     .   e - +4 ring of evasion
rCorr   .          Rampage  .   (no ring)
Will    .....                   (no ring)
Stlth   ++........              (no ring)
HPRegen 0.11/turn               (no ring)
MPRegen 0.11/turn               (no ring)
                                (no ring)
                                (no ring)

@: spider-form
A: venomous fangs, almost no armour, (amphibious), 8 rings, tiny, (camouflage
1), (gelatinous body 1), (nimble swimmer 1), (tentacles)
a: End Transformation, Renounce Religion


You were on level 3 of the Dungeon.
You worshipped Wu Jian.
Wu Jian was aware of your devotion.
You were a venomous arachnid creature.
You visited 1 branch of the dungeon, and saw 3 of its levels.
You also visited: Sewer.

You collected 170 gold pieces.

Inventory:

Jewellery
 e - a +4 ring of evasion (left front leg)
Scrolls
 d - 3 scrolls of blinking
Potions
 a - a potion of lignification
 b - a potion of haste {unknown}
 c - 2 potions of resistance {unknown}
 g - a potion of heal wounds {unknown}
 h - a potion of curing {unknown}
 i - a potion of flight {unknown}


   Skills:
 + Level 1.1 Fighting
 + Level 2.4 Dodging
 + Level 2.1 Stealth
 + Level 4.2 Unarmed Combat
 + Level 3.2 Spellcasting
 + Level 2.9 Transmutations
 * Level 1.8 Poison Magic


You couldn't memorise any spells.
You knew the following spells:

 Your Spells              Type           Power      Damage    Failure   Level
a - Beastly Appendage     Tmut           26%        N/A       14%         1
b - Wereblood             Tmut           13%        N/A       21%         2
c - Spider Form           Tmut/Pois      11%        N/A       38%         3
d - Ice Form              Ice/Tmut       8%         N/A       83%         4

Your spell library contained the following spells:

 Spells                   Type           Power      Damage    Failure   Level


Dungeon Overview and Level Annotations

Branches:
Dungeon (3/15)              Sewer (visited)

Altars:
Wu Jian

Shops:
D:2 ?

Annotations:
D:3 Grinder


Innate Abilities, Weirdness & Mutations

You are a venomous arachnid creature.
You have poisonous fangs.
You are tiny and dextrous.
Your spellcasting is less reliable in this form.
Your armour is entirely melded.
You are incapable of wielding weapons or throwing items.
You cannot wear most types of armour.
((You are amphibious.))
You can wear up to eight rings at the same time.
((Your skin changes colour to match your surroundings (Stealth+).))
((Your rubbery body absorbs attacks. (AC +1, EV +1)))
((You are camouflaged when in or above water. (Stealth+)))
((You have tentacles for arms and can constrict up to eight enemies at once.))


Message History

Grinder is moderately wounded.
Grinder hits you but does no damage.
You hit Grinder but do no damage.
Grinder is moderately wounded.
Your transformation is almost over.
Grinder blinks!
You hit Grinder but do no damage.
Grinder is heavily wounded.
Grinder completely misses you.
You hit Grinder.
Grinder is heavily wounded.
You hit Grinder.
Grinder is severely wounded.
Grinder misses you.
You hit Grinder.
Grinder is almost dead.
Grinder gestures at you. Pain shoots through your body!
You hit Grinder.
Grinder is almost dead.
Grinder blinks!
Grinder gestures at you.
You suddenly lose the ability to move!
Your transformation has ended.
Grinder looks more healthy.
Grinder gestures at you. Pain shoots through your body!
You can move again.
Grinder gestures at you. You resist with significant effort.
Casting: Spider Form (quite dangerous; 19% risk of failure)
Confirm with . or Enter, or press ? or * to list all spells.
The spell is quite dangerous to miscast (19% risk of failure)!
Continue anyway?
You turn into a venomous arachnid creature.
Grinder gestures at you. Pain shoots through your body!
* * * LOW HITPOINT WARNING * * *
Grinder gestures at you. Pain shoots through your body!
You die...

##### ############
##...### ...........
.......
######....#######...####
....5..s.....##.........
........................
..........##.##.........
#######...##.##.).......
#...##.##.......~~
........##..÷...~~~
#######....÷<##..~~~
#.###.)...~~~~ #.
#.##.~~~~.


You could see Grinder.

Vanquished Creatures
  A bullfrog (Sewer)
  An orc priest (D:3)
  A river rat (D:3)
  An adder (Sewer)
  2 worms (D:2)
  2 orcs (D:3)
  10 ball pythons
  7 bats
  5 endoplasms
  6 giant cockroaches
  3 goblins
  8 hobgoblins
  8 jackals (D:1)
  10 quokkas
  11 frilled lizards
  3 kobolds (D:2)
  4 rats
83 creatures vanquished.

Vanquished Creatures (others)
  A dart slug (D:3)
1 creature vanquished.

Grand Total: 84 creatures vanquished

Notes
Turn   | Place    | Note
-------+----------+-------------------------------------------
     0 | D:1      | Manisian the Octopode Transmuter began the quest for the
                  | Orb.
     0 | D:1      | Reached XP level 1. HP: 13/13 MP: 3/3
   369 | D:1      | Reached XP level 2. HP: 18/18 MP: 3/5
   373 | D:1      | Learned a level 2 spell: Wereblood
   734 | D:1      | Reached XP level 3. HP: 21/23 MP: 1/6
  1006 | D:1      | Learned a level 3 spell: Spider Form
  1492 | D:2      | Found an ornate altar of the Wu Jian Council.
  1572 | D:2      | Became a worshipper of the Wu Jian Council
  1695 | D:2      | Reached XP level 4. HP: 28/28 MP: 6/8
  1810 | D:2      | Reached skill level 1 in Stealth
  1820 | D:2      | Found Fykh's Magic Scroll Shoppe.
  1865 | D:2      | Found a faded altar of an unknown god.
  1926 | D:3      | Found a glowing drain.
  1944 | D:3      | Reached skill level 1 in Poison Magic
  1953 | Sewer    | Entered a sewer
  1965 | Sewer    | Reached XP level 5. HP: 33/33 MP: 7/9
  1987 | Sewer    | Reached skill level 4 in Unarmed Combat
  2000 | Sewer    | Reached * piety under Wu Jian
  2104 | Sewer    | Identified the +1 mace of the Nine Lives {venom, rC- rN++
                  | Int-3 Dex+9}
  2197 | Sewer    | Learned a level 4 spell: Ice Form
  2227 | D:3      | Noticed Grinder
  2245 | D:3      | Paralysed by Grinder for 3 turns
  2250 | D:3      | Killed from afar by Grinder

Illustrated notes

Levels and vault maps discovered:
D:1:      dpeg_arrival_another_circle, layout_basic, minivault_19
D:2:      layout_basic, dreamdust_ecumenical_altar_statues, basic_altar,
          serial_shops, nicolae_shop_temple_entry_statues_fountains,
          kennysheep_donut
D:3:      layout_basic, gammafunk_temple_overflow_arena, fiery_altar_vehumet,
          portal_sewer_entry_b, minmay_snake_closets, uniq_grinder

Skill      XL: |  1  2  3  4  5 |
---------------+----------------+-----
Stealth        | 1 2 |  2.1
Spellcasting   | 3 |  3.2
Poison Magic   | 1 |  1.8
Unarmed Combat | 4 |  4.2
Fighting       | |  1.1
Dodging        | |  2.4
Transmutations | |  2.9

Action                   |  1- 3 |  4- 6 || total
-------------------------+-------+-------++-------
Melee: Unarmed           |    84 |    82 ||   166
       Tentacles         |    20 |    14 ||    34
       Kick              |    27 |    11 ||    38
       Constrict         |    22 |    22 ||    44
       Punch             |     5 |     2 ||     7
Throw: Throwing net      |     1 |       ||     1
 Cast: Beastly Appendage |    25 |    13 ||    38
       Wereblood         |     2 |     1 ||     3
       Spider Form       |       |     2 ||     2
Invok: Lunge             |       |     7 ||     7
       Whirlwind         |       |     1 ||     1
  Use: Scroll            |     3 |     2 ||     5
 Stab: Sleeping          |     5 |     5 ||    10
Armor: Skin              |     9 |     5 ||    14
Dodge: Dodged            |    63 |    52 ||   115

Table legend: (Time is in decaauts)
 A = Elapsed time spent in this place.
 B = Non-inter-level travel time spent in this place.
 C = Inter-level travel time spent in this place.
 D = Time resting spent in this place.
 E = Time spent auto-exploring this place.
 F = Levels seen in this place.
 G = Mean time per level.
                   A        B        C        D        E       F      G
               +--------+--------+--------+--------+--------+-----+--------+
         Total |   2237 |   2194 |     43 |    502 |    674 |   4 |  559.2 |
       Dungeon |   1980 |   1937 |     43 |    502 |    602 |   3 |  660.0 |
         Sewer |    257 |    257 |      0 |      0 |     72 |   1 |  257.0 |
               +--------+--------+--------+--------+--------+-----+--------+

Top non-repeatable levels by time:
     D:1: 1258 daAuts
     D:2: 660 daAuts
   Sewer: 257 daAuts
     D:3: 61 daAuts
